 Dungeon Crawl Stone Soup version 0.18.1-50-g88ac8fd (webtiles) character file.

395 magog001 the Bolt Thrower (level 6, -1/50 HPs)
             Began as a Centaur Hunter on Dec 18, 2016.
             Killed by nerve-wracking pain
             ... invoked by Grinder
              (13 damage)
             ... on level 3 of the Dungeon.
             The game lasted 00:29:15 (5242 turns).

magog001 the Bolt Thrower (Centaur Hunter)          Turns: 5242, Time: 00:29:16

Health: -1/50      AC: 10    Str: 17    XL:     6   Next: 52%
Magic:  6/6        EV: 10    Int: 10    God:
Gold:   97         SH:  0    Dex:  9    Spells: 0 memorised, 5 levels left

rFire  + . .     SeeInvis .     a - +1 hand crossbow
rCold  x . .     Gourm    .     d - +1 animal skin
rNeg   . . .     Faith    .     (no shield)
rPois  .         Spirit   .     y - +0 helmet
rElec  .         Dismiss  .     c - +0 cloak
rCorr  .         Reflect  .     q - +0 pair of gloves
SustAt .         Harm     .     (no barding)
MR     .....                    (no amulet)
Stlth  +.........               (no ring)
                                u - ring of fire

@: very quick, not resistant to hostile enchantments, very unstealthy
A: hooves 3, slimy green scales 1, deformed body, speed 2, tough skin 3
a: no special abilities


You were on level 3 of the Dungeon.
You were not hungry.

You visited 1 branch of the dungeon, and saw 4 of its levels.

You collected 133 gold pieces.
You spent 36 gold pieces at shops.

Inventory:

Hand Weapons
 a - a +1 hand crossbow (weapon)
 t - a +2 dagger of draining
 w - a +2 hand axe of chopping
Missiles
 n - 62 arrows
 v - 26 poisoned needles
 z - 26 bolts (quivered)
Armour
 c - a +0 cloak (worn)
 d - a +1 animal skin (worn)
 q - a +0 pair of gloves (worn)
 y - a +0 helmet (worn)
Jewellery
 u - a ring of fire (left hand)
Wands
 b - a wand of iceblast (5/15)
Scrolls
 e - a scroll of noise {unknown}
 g - a scroll of teleportation {unknown}
 i - a scroll of identify {unknown}
 l - a scroll of remove curse
 m - a scroll of magic mapping
 p - a scroll of fear {unknown}
 A - 2 scrolls of enchant weapon {unknown}
Potions
 h - a potion of curing {unknown}
 k - a potion of mutation
 o - 2 potions of degeneration {unknown}
 s - a potion of lignification {unknown}
Comestibles
 f - 4 bread rations
 j - a beef jerky
 r - 2 slices of pizza


   Skills:
 + Level 2.4 Fighting
 + Level 0.8 Short Blades
 + Level 0.5 Axes
 * Level 6.9 Crossbows
 + Level 1.0 Armour
 + Level 3.0 Dodging
 + Level 0.7 Stealth


You had 5 spell levels left.
You didn't know any spells.

Dungeon Overview and Level Annotations

Branches:
Dungeon (4/15)             Temple (0/1) D:4

Altars:
Xom
Zin

Shops:
D:4 *(

Annotations:
D:3 Grinder
D:4 Dowan, Duvessa


Innate Abilities, Weirdness & Mutations

You have hooves in place of feet.
Armour fits poorly on your strangely shaped body.
You cover ground very quickly.
You have extremely tough skin (AC +3).
You are partially covered in slimy green scales (AC +2).


Message History

Grinder barely misses you.
Grinder blinks!
You can move again.
a - a +1 hand crossbow (weapon)
Firing (i - inventory):
z - 29 bolts (quivered)
Press: ? - help, Shift-Dir - straight line, f/p - Grinder
Aim: Grinder (almost dead)
You shoot a bolt. The bolt closely misses Grinder.
Firing (i - inventory):
z - 28 bolts (quivered)
Press: ? - help, Shift-Dir - straight line, f/p - Grinder
Aim: Grinder (almost dead)
You shoot a bolt. The bolt hits Grinder.
Grinder is almost dead.
Firing (i - inventory):
z - 27 bolts (quivered)
Press: ? - help, Shift-Dir - straight line, f/p - Grinder
Aim: Grinder (almost dead)
You shoot a bolt. The bolt closely misses Grinder.
Grinder gestures at you. Pain shoots through your body!
You die...

.....##......# #....#
#.........
####.##......####..((#
#.........
#.##......'..'....#
#.........
#.##......####....#
#.........
#.#.......().(....#
#.........
#.#.)......##(....#
##########
#.#.###..#.##5(...#
#.#.# #..#.##[#'###
#.#........##@#.#
#.#############.#
#...............#
#################


You could see Grinder.

Vanquished Creatures
  The ghost of Tramtrist the Sneak, an amateur SpAs (D:3)
  A hound (D:4)
  An orc wizard (D:3)
  An iguana (D:4)
  Robin (D:3)
  6 adders
  A shadow imp (D:4)
  An ooze (D:4)
  An adder skeleton (D:4)
  3 worms
  4 giant geckos
  11 orcs
  A giant cockroach (D:3)
  20 goblins
  12 hobgoblins
  8 jackals
  A kobold (D:2)
  2 quokkas (D:4)
  5 ball pythons
  8 bats
  5 giant newts
  11 rats
105 creatures vanquished.

Vanquished Creatures (others)
  A worker ant (D:4)
1 creature vanquished.

Grand Total: 106 creatures vanquished

Notes
Turn   | Place    | Note
--------------------------------------------------------------
     0 | D:1      | magog001 the Centaur Hunter began the quest for the Orb.
     0 | D:1      | Reached XP level 1. HP: 17/17 MP: 1/1
   305 | D:1      | Reached XP level 2. HP: 24/24 MP: 2/2
   463 | D:1      | Reached skill level 5 in Crossbows
  1170 | D:2      | Reached XP level 3. HP: 21/29 MP: 3/3
  1976 | D:2      | Reached XP level 4. HP: 36/36 MP: 4/4
  2315 | D:3      | Noticed Robin
  2346 | D:3      | Reached skill level 6 in Crossbows
  2376 | D:3      | Killed Robin
  2844 | D:3      | Noticed Tramtrist's ghost (amateur SpAs)
  2917 | D:3      | Killed Tramtrist's ghost
  2917 | D:3      | Reached skill level 1 in Armour
  2917 | D:3      | Reached XP level 5. HP: 22/41 MP: 5/5
  3202 | D:3      | Noticed Grinder
  3203 | D:3      | Paralysed by Grinder for 7 turns
  3218 | D:3      | Paralysed by Grinder for 7 turns
  3633 | D:4      | Found a shimmering altar of Xom.
  3650 | D:4      | Found Xoseumo's General Store.
  3650 | D:4      | Found a staircase to the Ecumenical Temple.
  3650 | D:4      | Noticed an angel
  3654 | D:4      | Found a glowing silver altar of Zin.
  3676 | D:4      | Bought a beef jerky for 18 gold pieces
  3676 | D:4      | Bought a slice of pizza for 18 gold pieces
  3978 | D:4      | Reached XP level 6. HP: 45/49 MP: 6/6
  4155 | D:4      | Found Evas's Weapon Emporium.
  4159 | D:4      | Noticed Duvessa
  4159 | D:4      | Noticed Dowan
  4754 | D:3      | Paralysed by Grinder for 2 turns
  4766 | D:3      | Paralysed by Grinder for 7 turns
  4774 | D:3      | Gained mutation: You passively map a small area around you. [potion of mutation]
  4774 | D:3      | Gained mutation: You are partially covered in slimy green scales (AC +2). [potion of mutation]
  4774 | D:3      | Lost mutation: You passively map a small area around you. [potion of mutation]
  5083 | D:3      | Paralysed by Grinder for 2 turns
  5086 | D:3      | Paralysed by Grinder for 6 turns
  5208 | D:3      | Paralysed by Grinder for 6 turns
  5216 | D:3      | Paralysed by Grinder for 3 turns
  5235 | D:3      | Paralysed by Grinder for 4 turns
  5242 | D:3      | Killed from afar by Grinder

Skill      XL: |  1  2  3  4  5  6 |
---------------+-------------------+-----
Crossbows      | 5 6 |  6.9
Armour         | 1 |  1.0
Dodging        | 2 3 |  3.0
Fighting       | |  2.4
Short Blades   | |  0.8
Axes           | |  0.5
Stealth        | |  0.7

Action                   |  1- 3 |  4- 6 || total
-------------------------+-------+-------++-------
Melee: Short sword       |     2 |       ||     2
       Kick              |     1 |    37 ||    38
       Dagger            |       |   153 ||   153
       Hand axe          |       |    96 ||    96
 Fire: Hand crossbow     |   107 |    22 ||   129
  Use: Scroll            |       |     2 ||     2
       Potion            |       |     1 ||     1
  Eat: Chunk             |     2 |     4 ||     6
       Meat ration       |       |     1 ||     1
Armor: Leather armour    |    13 |    12 ||    25
       Animal skin       |       |   101 ||   101
Dodge: Dodged            |    20 |   144 ||   164
